 Seeded DCSS version 0.27.1 (webtiles) character file.

Game seed: 9823434 (custom seed)

8 a11behringer the Ducker (level 2, -1/23 HPs)
             Began as a Djinni Gladiator on Aug 27, 2021.
             Slain by a gnoll (3 damage)
             ... on level 1 of the Dungeon.
             The game lasted 00:02:12 (276 turns).

a11behringer the Ducker (Djinni Gladiator)           Turns: 276, Time: 00:02:13

Health: -1/23      AC:  5    Str: 13    XL:     2   Next: 15%
Gold:   12         EV: 12    Int:  9    God:
                   SH:  0    Dex: 14

rFire    + + .     SeeInvis .   a - +0 long sword
rCold    x . .     Faith    .   (no shield)
rNeg     . . .     Spirit   .   b - +0 leather armour
rPois    ∞         Reflect  .   c - +0 helmet
rElec    .         Harm     .   (no cloak)
rCorr    .         Rampage  .   e - +0 pair of gloves
Will     .....                  (boots unavailable)
Stlth    +.........             (no amulet)
HPRegen  0.07/turn              (no ring)
MPRegen  0.00/turn              (no ring)

@: flying
A: sickness immunity, fire resistance 2, cold vulnerability 1, float, innate
caster, hp casting, extra vitality 1
a: no special abilities


You were on level 1 of the Dungeon.
You visited 1 branch of the dungeon, and saw 1 of its levels.

You collected 12 gold pieces.

Inventory:

Hand Weapons
 a - a +0 long sword (weapon)
Missiles
 d - 3 throwing nets (quivered)
Armour
 b - a +0 leather armour (worn)
 c - a +0 helmet (worn)
 e - a +0 pair of gloves (worn)
Scrolls
 f - a scroll of identify {unknown}


   Skills:
 + Level 2.2 Fighting
 * Level 3.0 Long Blades
 - Level 1.5 Throwing
 - Level 3.3 Dodging


You had one spell level left.
You didn't know any spells.
Your spell library was empty.

Dungeon Overview and Level Annotations

Branches:
Dungeon (1/15)

Altars:

Shops:
D:1 [*


Innate Abilities, Weirdness & Mutations

You are immune to sickness and miasma.
You are immune to poison.
Your flesh is very heat resistant. (rF++)
You are vulnerable to cold. (rC-)
You float through the air rather than walking.
You learn spells naturally, not from books.
Your magical power is your life essence.
You have superior vitality. (+4 HP)


Message History

You are frozen.
You feel a terrible chill!
You slash the endoplasm!
You kill the endoplasm!
The quokka bites you but does no damage.
The quokka barely misses you.
You riposte.
You slash the quokka!
You kill the quokka!
Your Long Blades skill increases to level 3!
You have reached level 2!
HP restored.
A quokka and a gnoll come into view.
The gnoll shouts!
The gnoll barely misses you. The gnoll barely misses you.
The quokka closely misses you.
You riposte.
You hit the quokka.
You kill the quokka!
The gnoll misses you.
You hit the gnoll but do no damage. The gnoll barely misses you.
You closely miss the gnoll. The gnoll hits you with a +0 spear!
You barely miss the gnoll. The gnoll hits you with a +0 spear.
You closely miss the gnoll. The gnoll closely misses you.
You hit the gnoll.
The gnoll is lightly wounded.
The gnoll closely misses you.
You riposte.
You slash the gnoll!
The gnoll is heavily wounded.
The gnoll barely misses you.
You riposte.
You barely miss the gnoll.
The gnoll is heavily wounded.
You completely miss the gnoll.
The gnoll is heavily wounded.
The gnoll hits you with a +0 spear.
You hit the gnoll but do no damage.
The gnoll is heavily wounded.
The gnoll completely misses you.
You hit the gnoll but do no damage.
The gnoll is heavily wounded.
The gnoll hits you with a +0 spear!
* * * LOW HITPOINT WARNING * * *
You hit the gnoll but do no damage.
The gnoll is heavily wounded.
The gnoll hits you with a +0 spear.
You die...

###### #####....#
....#....###############.
.>..+....+......@........
†...#....#.######g.......
....'..........##........
....####.......##........
.......'.......##..........
.....###.......##.........#
.....# #.......##.........#
.....############.........#
####......# #.........#


You could see a gnoll.

Vanquished Creatures
  A bat (D:1)
  2 endoplasms (D:1)
  2 quokkas (D:1)
  A frilled lizard (D:1)
  A goblin (D:1)
7 creatures vanquished.

Notes
Turn   | Place    | Note
-------+----------+-------------------------------------------
     0 | D:1      | a11behringer the Djinni Gladiator began the quest for the
                  | Orb.
     0 | D:1      | Reached XP level 1. HP: 18/18 MP: 0/0
    26 | D:1      | Found Sidul's Assorted Antiques.
   109 | D:1      | Found Ukhluhix's Antique Armour Boutique.
   204 | D:1      | Reached XP level 2. HP: 19/23 MP: 0/0
   276 | D:1      | Slain by a gnoll

Illustrated notes

Levels and vault maps discovered:
D:1:      eino_arrival_water_cross, layout_basic, serial_shops, shop,
          shop_fountains, shop, minmay_pentomino_r4

Skill      XL: |  1 |
---------------+----+-----
Long Blades    | 3 |  3.0
Fighting       | |  2.2
Throwing       | |  1.5
Dodging        | |  3.3

Action                   || total
-------------------------++-------
Melee: Long sword        ||    17
Armor: Leather armour    ||     8
Dodge: Dodged            ||    15
       Rpst.: Long sword ||     6
